 Dungeon Crawl Stone Soup version 0.31-a0-1027-gfb7600b (webtiles) character file.

Game seed: 4032100507394450167

94 Partyfoot the Ruffian (level 4, -2/32 HPs)
             Began as a Demonspawn Shapeshifter on Nov 17, 2023.
             Slain by Pikel
             ... wielding a +2 whip of freezing
              (6 damage)
             ... on level 4 of the Dungeon.
             The game lasted 00:04:45 (2227 turns).

Partyfoot the Ruffian (Demonspawn Shapeshifter)     Turns: 2227, Time: 00:04:45

Health: -2/32      AC:  8    Str: 16    XL:     4   Next: 38%
Magic:  4/4        EV:  7    Int: 12    God:
Gold:   186        SH:  0    Dex: 12    Spells: 3/3 levels left

rFire   . . .        n - +0 trident (venom)
rCold   . . .        (no shield)
rNeg    . . .        y - +0 chain mail
rPois   .            (helmet currently unavailable)
rElec   .            (cloak currently unavailable)
rCorr   .            (gloves currently unavailable)
SInv    .            (boots currently unavailable)
Will    +....        t - amulet of regeneration Stlth
                     k - ring of willpower
HPRegen 1.05/turn    (no ring)
MPRegen 0.09/turn

%: no passive effects
@: beast-form
A: beast (slay +1), spiny 2, demonic magic 1
a: Begin Untransformation


You were on level 4 of the Dungeon.
You were a hulking beast.
You visited 1 branch of the dungeon, and saw 4 of its levels.

You collected 186 gold pieces.

Inventory:

Hand Weapons
 n - a +0 trident of venom (weapon)
Missiles
 m - a throwing net
Armour
 a - a +0 animal skin
 e - a +0 plate armour
 y - a +0 chain mail (worn)
Jewellery
 k - a ring of willpower (left hand)
 o - an amulet of guardian spirit
 t - an amulet of regeneration (around neck)
Talismans
 c - a beast talisman
 d - a flux talisman
 p - a talisman of death
Wands
 u - a wand of roots (8)
Scrolls
 f - a scroll of identify {unknown}
 h - a scroll of butterflies {unknown}
 i - 2 scrolls of teleportation {unknown}
 l - 2 scrolls of vulnerability {unknown}
 q - a scroll of enchant weapon {unknown}
 v - 2 scrolls of poison {unknown}
 B - a scroll of torment {unknown}
Potions
 b - a potion of lignification
 g - 5 potions of enlightenment {unknown}
 j - 2 potions of curing {unknown}
 r - a potion of ambrosia {unknown}
 s - 2 potions of heal wounds {unknown}
 w - 2 potions of might {unknown}
 x - a potion of haste {unknown}
 z - 2 potions of berserk rage {unknown}
 A - a potion of experience {unknown}


   Skills:
 - Level 1.0 Fighting
 - Level 1.7 Dodging
 + Level 4.8 Unarmed Combat
 - Level 2.6 Shapeshifting


You had 3 spell levels left.
You didn't know any spells.
Your spell library contained the following spells:

 Spells                   Type           Power      Damage    Failure   Level
 Sandblast                Erth           0%         2d4       99%         1
 Lesser Beckoning         Tloc           0%         N/A       100%        2
 Passwall                 Tmut/Erth      0%         N/A       100%        2
 Gell's Gravitas          Tloc           0%         N/A       100%        3
 Stone Arrow              Conj/Erth      0%         3d7       100%        3
 Teleport Other           Tloc           0%         N/A       100%        3
 Brom's Barrelling Bould  Conj/Erth      0%         2d3       100%        4


Dungeon Overview and Level Annotations

Branches:
Dungeon (4/15)
 Temple: D:4-7

Altars:

Annotations:
D:4 Pikel


Innate Abilities, Weirdness & Mutations

You are a hulking beast.
Your limbs bulge with bestial killing power. (Slay +1)
You are mostly covered in sharp spines.
Spells you cast may paralyse adjacent enemies.


Message History

Pikel is lightly wounded.
You barely miss Pikel.
Pikel is moderately wounded.
Pikel is struck by your spines. Pikel hits you but does no damage.
Pikel is struck by your spines.
Pikel hits you with a +2 whip of freezing!
Pikel freezes you.
You closely miss Pikel.
Pikel is heavily wounded.
Pikel zaps a wand.
You resist with almost no effort.
You closely miss Pikel.
Pikel is heavily wounded.
Pikel says, "You'll feel the lick of my whip!"
Pikel hits you with a +2 whip of freezing.
Pikel freezes you.
You hit Pikel but do no damage.
Pikel looks even sicker.
Pikel is heavily wounded.
Pikel zaps a wand.
You resist with almost no effort.
Pikel hits you with a +2 whip of freezing.
Pikel freezes you.
You hit Pikel but do no damage.
Pikel is heavily wounded.
Pikel hits you with a +2 whip of freezing!
* * * LOW HITPOINT WARNING * * *
Pikel freezes you.
* * * LOW HITPOINT WARNING * * *
A lemure comes into view.
The lemure shouts!
You hit Pikel.
Pikel looks as sick as possible!
Pikel is severely wounded.
Pikel hits you but does no damage.
You hit Pikel.
Pikel looks as sick as possible!
Pikel is severely wounded.
Pikel hits you with a +2 whip of freezing.
* * * LOW HITPOINT WARNING * * *
Pikel freezes you.
* * * LOW HITPOINT WARNING * * *
Pikel hits you with a +2 whip of freezing.
You die...
Pikel says, "See you in Hell!"

##########.......####.##
#........)# +.......#.#
#.......#.# ###.......#
#######.###.###
#.^.....# #.# #.#######
#.# ##'#.....# #h#
#....###.###K#
#....#.....55#
#....#.#.###.#
##+#.#.#.# #5#
#.#.#.###.# #.#...##..#
#.#####..###.##
.##............


You could see Pikel (extremely poisoned) and 3 lemures.

Vanquished Creatures
  Jessica (D:2)
  An adder (D:3)
  2 dart slugs
  An orc (D:3)
  6 bats
  6 endoplasms
  3 giant cockroaches
  6 goblins
  5 hobgoblins
  2 quokkas
  5 ball pythons
  A frilled lizard (D:3)
  4 kobolds
  5 rats
48 creatures vanquished.

Notes
Turn   | Place    | Note
-------+----------+-------------------------------------------
     0 | D:1      | Partyfoot the Demonspawn Shapeshifter began the quest for
                  | the Orb.
     0 | D:1      | Reached XP level 1. HP: 15/15 MP: 1/1
   117 | D:1      | Reached skill level 3 in Unarmed Combat
   161 | D:1      | Gained mutation: You are partially covered in sharp spines.
                  | [demonic ancestry]
   161 | D:1      | Reached XP level 2. HP: 21/21 MP: 2/2
   657 | D:1      | Gained mutation: Spells you cast may paralyse adjacent
                  | enemies. [demonic ancestry]
   657 | D:1      | Reached XP level 3. HP: 26/26 MP: 3/3
   915 | D:2      | Reached skill level 4 in Unarmed Combat
   988 | D:2      | Noticed Jessica
   993 | D:2      | Killed Jessica
  1441 | D:3      | Gained mutation: You are mostly covered in sharp spines.
                  | [demonic ancestry]
  1441 | D:3      | Reached XP level 4. HP: 32/32 MP: 4/4
  1949 | D:3      | Noticed an angel
  2181 | D:4      | Noticed Pikel
  2181 | D:4      | Noticed a lemure
  2181 | D:4      | Noticed a lemure
  2181 | D:4      | Noticed a lemure
  2225 | D:4      | Noticed a lemure
  2227 | D:4      | Slain by Pikel

Illustrated notes

Levels and vault maps discovered:
D:1:      lightli_arrival_lavapool, layout_rooms, minmay_split_cup_large
D:2:      layout_loops_ring, serial_aquarium, aquarium_bridge_square
          [aquarium_subvault_window, aquarium_subvault_wall,
          aquarium_subvault_bridge, aquarium_subvault_window],
          aquarium_window_fake, aquarium_window_1, aquarium_view_2e,
          aquarium_view_2g, uniq_jessica
D:3:      layout_basic, zin_angel, serial_bayou_pond_a
D:4:      layout_basic, uniq_pikel

Skill      XL: |  1  2  3 |
---------------+----------+-----
Unarmed Combat | 3 4 |  4.8
Fighting       | |  1.0
Dodging        | |  1.7
Shapeshifting  | |  2.6

Action                     |  1- 3 |  4- 6 || total
---------------------------+-------+-------++-------
  Melee: Unarmed           |    58 |       ||    58
         Punch             |     1 |     1 ||     2
         Trident           |    14 |    35 ||    49
   Stab: Sleeping          |     3 |       ||     3
 Armour: Animal skin       |    23 |     6 ||    29
         Chain mail        |       |     8 ||     8
  Dodge: Dodged            |    23 |    11 ||    34

Table legend: (Time is in decaauts)
 A = Elapsed time spent in this place.
 B = Non-inter-level travel time spent in this place.
 C = Inter-level travel time spent in this place.
 D = Time resting spent in this place.
 E = Time spent auto-exploring this place.
 F = Levels seen in this place.
 G = Mean time per level.
                   A        B        C        D        E       F      G
               +--------+--------+--------+--------+--------+-----+--------+
         Total |   2235 |   2142 |     93 |     49 |   1755 |   4 |  558.8 |
       Dungeon |   2235 |   2142 |     93 |     49 |   1755 |   4 |  558.8 |
               +--------+--------+--------+--------+--------+-----+--------+

Top non-repeatable levels by time:
     D:2: 740 daAuts
     D:1: 694 daAuts
     D:3: 556 daAuts
     D:4: 244 daAuts
